 Dungeon Crawl Stone Soup version 0.26-a0-639-g72c4674329 (webtiles) character file.

Game seed: 11219133400481357060

23259 Drevant2 the Devastator (level 13, -14/63 HPs)
             Began as a Tengu Conjurer on Sept 15, 2020.
             Was an Elder of Vehumet.
             Demolished by a swamp worm (23 damage)
             ... on level 3 of the Lair of Beasts.
             The game lasted 01:12:02 (22080 turns).

Drevant2 the Devastator (Tengu Conjurer)           Turns: 22080, Time: 01:12:02

Health: -14/63     AC:  6    Str:  9    XL:     13   Next: 5%
Magic:  28/36      EV: 18    Int: 21    God:    Vehumet [****..]
Gold:   826        SH:  0    Dex: 14    Spells: 18/30 levels left

rFire    . . .     SeeInvis .   r - +2 short sword (venom)
rCold    . . .     Faith    +   (no shield)
rNeg     . . .     Spirit   .   A - +2 robe {Archmagi}
rPois    .         Reflect  .   I - +1 hat
rElec    .         Harm     .   z - scarf {shadows}
rCorr    .         Rampage  .   d - +0 pair of gloves
MR       +....                  (boots unavailable)
Stlth    ++........             w - amulet of faith
HPRegen  0.20/turn              u - ring of protection from magic
MPRegen  0.25/turn              n - ring of magical power

@: about to teleport
A: beak, talons 3, able to fly
a: Fly, Renounce Religion


You were on level 3 of the Lair of Beasts.
You worshipped Vehumet.
Vehumet was greatly pleased with you.
You visited 2 branches of the dungeon, and saw 14 of its levels.

You collected 910 gold pieces.
You spent 84 gold pieces at shops.

Inventory:

Hand Weapons
 j - a +0 dagger
 r - a +2 short sword of venom (weapon)
Armour
 a - a +0 robe
 d - a +0 pair of gloves (worn)
 z - a scarf of shadows (worn)
 A - a +2 robe of the Archmagi (worn)
 I - a +1 hat (worn)
 O - +0 steam dragon scales
 U - a scarf of invisibility
Jewellery
 n - a ring of magical power (right hand)
 q - a +6 ring of dexterity
 u - a ring of protection from magic (left hand)
 w - an amulet of faith (around neck)
 y - an uncursed ring of protection from cold
 C - an uncursed ring of positive energy
 K - a cursed amulet of inaccuracy {unknown}
 N - an uncursed ring of fire
 R - an uncursed ring of see invisible
Wands
 t - a wand of polymorph (18)
 B - a wand of digging (4)
 F - a wand of flame (23)
 G - a wand of iceblast (38)
 T - a wand of acid (8)
Scrolls
 b - 3 scrolls of teleportation
 e - a scroll of fear {unknown}
 f - 2 scrolls of enchant armour {unknown}
 g - 3 scrolls of enchant weapon
 h - 2 scrolls of magic mapping
 l - 7 scrolls of remove curse
 p - 5 scrolls of immolation {unknown}
 E - 5 scrolls of fog {unknown}
 P - 2 scrolls of amnesia
Potions
 c - 2 potions of lignification
 i - 3 potions of might
 k - 5 potions of mutation
 m - 4 potions of curing
 o - 3 potions of stabbing
 s - a potion of resistance
 x - 2 potions of brilliance
 H - a potion of berserk rage
 Q - 10 potions of ambrosia
Miscellaneous
 J - a tin of tremorstones (3/3)


   Skills:
 + Level 9.8 Dodging
 - Level 2.0 Stealth
 - Level 9.3 Spellcasting
 - Level 17.9 Conjurations
 - Level 3.0 Translocations
 + Level 11.1 Air Magic


You had 18 spell levels left.
You knew the following spells:

 Your Spells              Type           Power        Failure   Level
a - Magic Dart            Conj           ####         0%          1
b - Searing Ray           Conj           ######       0%          2
c - Iskenderun's Mystic   Conj/Tloc      ######..     1%          4
d - Lightning Bolt        Conj/Air       ######....   1%          5

Your spell library contained the following spells:

 Spells                   Type           Power        Failure   Level
 Foxfire                  Conj/Fire      ####         1%          1
 Freeze                   Ice            #...         1%          1
 Conjure Flame            Conj/Fire      #####...     1%          3
 Dazzling Flash           Conj/Hex       #####.       1%          3
 Mephitic Cloud           Conj/Pois/Air  ######..     1%          3
 Fulminant Prism          Conj/Hex       #####.....   1%          4
 Blink                    Tloc           N/A          3%          2
 Animate Skeleton         Necr           #.....       7%          1
 Beastly Appendage        Tmut           #.....       7%          1
 Call Imp                 Summ           #.......     11%         2
 Slow                     Hex            #.......     11%         2


Dungeon Overview and Level Annotations

Branches:
Dungeon (11/15)            Temple (0/1) D:5            Lair (3/6) D:9
  Swamp: Lair:2-4    Shoals: Lair:2-4     Snake: Lair:2-4    Spider: Lair:2-4
    Orc: D:9-12

Altars:
Ashenzari
Fedhas
Gozag
Hepliaklqana
Kikubaaqudgha
Nemelex Xobeh
Qazlal
Ru
Trog
Uskayaw
Vehumet
Wu Jian
Xom
Yredelemnul
The Shining One

Shops:
D:6 ?   D:9 *   D:10 (

Annotations:
D:4 2 transporters
D:8 3 runed translucent doors, fly's ghost, novice TrDe
D:9 Joseph
D:11 Erolcha; Sonja
Lair:1 exclusion: oklob plant


Innate Abilities, Weirdness & Mutations

You have a beak for a mouth.
You have claws for feet.
You can fly continuously.


Message History

The bolt of lightning hits the swamp worm!!
The swamp worm is severely wounded.
The swamp worm fires a harpoon shot at you.
The harpoon shot hits you!
You are yanked forward by the harpoon shot.
An electric eel comes into view.
The swamp worm fires a harpoon shot at you.
The harpoon shot hits you!
You are yanked forward by the harpoon shot.
A bog body comes into view.
The electric eel shoots out a bolt of lightning at you!
The bolt of electricity hits you!
* * * LOW HITPOINT WARNING * * *
The swamp worm bites you!
* * * LOW HITPOINT WARNING * * *
Okay, then.
Okay, then.
As you read the scroll of teleportation, it crumbles to dust.
You feel strangely unstable. The swamp worm bites you!!
You die...

#.........♣..♣.P#
######.........♣..♣ ..#
##.##.........♣♣..♣♣ ##
....#.......#.♣≈†♣≈♣
.#P..#........♣≈..≈♣ #
###..+........♣≈..≈♣.##
# ####......♣.♣♣......#
###P...#♣♣≈.♣≈.♣#
##.....♣♣♣@.≈♣♣
#.#.##.♣♣w.♣≈♣ .
#.#.#.#♣♣≈..≈♣
..###....>.♣♣≈.♣≈♣
#.........♣♣≈..≈♣
.#.#.......♣♣♣n♣ ♣
...#.......♣♣;§.
............♣
####........♣


You could see a bog body, a swamp worm and an electric eel.

Vanquished Creatures
  3 hydras (Lair:3)
  Fannar (Lair:2)
  A two-headed ogre (D:10)
  Nergalle (Lair:2)
  Pikel (D:5)
  8 elephants (Lair:3)
  3 cane toads
  4 black mambas
  5 komodo dragons
  A rime drake (Lair:2)
  A polar bear (Lair:3)
  A queen bee (Lair:1)
  A bog body (Lair:3)
  Grinder (D:6)
  3 blink frogs (Lair:1)
  5 hippogriffs
  A wyvern (D:9)
  11 yaks
  A steam dragon (D:10)
  A swamp worm (Lair:3)
  2 porcupines
  3 water moccasins
  3 ice beasts
  5 sky beasts
  2 orc warriors
  2 black bears
  3 phantoms
  A necrophage (D:7)
  7 ogres
  3 wolves (Lair:3)
  3 centaurs
  3 crocodiles
  A lemure (D:5)
  Blork the orc (D:4)
  6 big kobolds
  10 bullfrogs
  4 scorpions
  A wyvern skeleton (D:9)
  26 killer bees
  16 wights
  3 howler monkeys
  2 jellies
  2 quasits
  2 bullfrog zombies
  A centaur zombie (D:9)
  2 bullfrog skeletons
  8 orc priests
  6 hounds
  2 centaur skeletons
  7 orc wizards
  Jessica (D:3)
  3 iguanas
  7 worker ants
  Natasha (thrice) (D:4)
  A killer bee zombie (D:4)
  A hound zombie (D:7)
  A worker ant zombie (D:10)
  3 gnolls (D:2)
  9 adders
  3 white imps
  An ufetubus (D:5)
  An ooze (D:3)
  An adder zombie (D:9)
  2 worms (D:2)
  2 dart slugs
  6 leopard geckos
  25 orcs
  5 giant cockroaches
  A goblin (D:1)
  5 hobgoblins
  4 jackals (D:5)
  2 quokkas (D:7)
  2 ball pythons
  4 bats
  3 frilled lizards
  A jackal skeleton (D:4)
  25 kobolds
  2 quokka skeletons
  7 rats
322 creatures vanquished.

Vanquished Creatures (others)
  19 fungi
  40 plants
59 creatures vanquished.

Grand Total: 381 creatures vanquished

Notes
Turn   | Place    | Note
-------+----------+-------------------------------------------
     0 | D:1      | Drevant2 the Tengu Conjurer began the quest for the Orb.
     0 | D:1      | Reached XP level 1. HP: 10/10 MP: 4/4
   337 | D:1      | Reached XP level 2. HP: 12/15 MP: 1/6
   341 | D:1      | Learned a level 2 spell: Searing Ray
   640 | D:1      | Reached skill level 6 in Conjurations
  1464 | D:2      | Reached XP level 3. HP: 19/19 MP: 3/7
  1725 | D:2      | Reached skill level 7 in Conjurations
  1727 | D:2      | Reached XP level 4. HP: 24/24 MP: 1/8
  2072 | D:2      | Found a faded altar of an unknown god.
  2124 | D:2      | Found a radiant altar of Vehumet.
  2151 | D:2      | Became a worshipper of Vehumet
  2950 | D:3      | Reached skill level 8 in Conjurations
  2950 | D:3      | Gained mutation: You can fly continuously. [Tengu growth]
  2950 | D:3      | Reached XP level 5. HP: 28/28 MP: 9/9
  3205 | D:3      | Found a sacrificial altar of Ru.
  3220 | D:3      | Found an ornate altar of the Wu Jian Council.
  3221 | D:3      | Noticed Jessica
  3225 | D:3      | Killed Jessica
  3449 | D:3      | Found a hide-covered altar of Uskayaw.
  3487 | D:4      | Noticed Blork the orc
  3657 | D:4      | Reached skill level 9 in Conjurations
  3860 | D:4      | Found a transporter.
  3906 | D:4      | HP: 1/28 [Blork the orc/cursed -2 glaive (12)]
  4237 | D:4      | Noticed Natasha
  4240 | D:4      | Killed Natasha
  4240 | D:4      | Reached XP level 6. HP: 32/32 MP: 10/10
  4343 | D:4      | Reached * piety under Vehumet
  4343 | D:4      | Offered knowledge of Shock by Vehumet.
  4377 | D:4      | Noticed Natasha
  4387 | D:4      | Killed Natasha
  4471 | D:4      | Noticed a phantom
  4502 | D:4      | Killed a phantom
  4502 | D:4      | Reached skill level 10 in Conjurations
  4555 | D:4      | Learned a level 4 spell: Iskenderun's Mystic Blast
  4570 | D:4      | Noticed Natasha
  4645 | D:4      | Killed Natasha
  4902 | D:4      | Reached XP level 7. HP: 36/36 MP: 11/11
  5220 | D:4      | Found a shimmering altar of Xom.
  5235 | D:4      | Found a transporter.
  5620 | D:5      | Entered Level 5 of the Dungeon
  5798 | D:5      | Noticed Pikel
  5809 | D:5      | Killed Pikel
  5809 | D:5      | Reached skill level 12 in Conjurations
  5809 | D:5      | Reached XP level 8. HP: 4/41 MP: 14/14
  6409 | D:5      | Reached skill level 1 in Translocations
  6673 | D:5      | Reached skill level 5 in Spellcasting
  6933 | D:5      | Reached ** piety under Vehumet
  6970 | D:5      | Offered knowledge of Freeze by Vehumet.
  7041 | D:5      | Found a sparkling altar of Nemelex Xobeh.
  7061 | D:5      | Reached XP level 9. HP: 45/45 MP: 18/18
  7455 | D:5      | Found a staircase to the Ecumenical Temple.
  7586 | D:4      | Killed Blork the orc
  8009 | D:6      | Reached skill level 13 in Conjurations
  8422 | D:6      | Found an ancient bone altar of Kikubaaqudgha.
  8715 | D:6      | Found Nis Syel's Magic Scroll Shop.
  8723 | D:6      | Bought a scroll of teleportation for 42 gold pieces
  8723 | D:6      | Bought a scroll of remove curse for 42 gold pieces
  8939 | D:6      | Offered knowledge of Conjure Flame by Vehumet.
  8939 | D:6      | Reached skill level 14 in Conjurations
  8990 | D:6      | Noticed Grinder
  9095 | D:6      | Killed Grinder
  9100 | D:6      | Identified A Beginning Course on Spellweaving
  9385 | D:7      | Reached *** piety under Vehumet
  9385 | D:7      | Reached XP level 10. HP: 50/50 MP: 21/21
  9617 | D:7      | Found a blossoming altar of Fedhas.
  9677 | D:7      | Found a stormy altar of Qazlal.
  9780 | D:7      | Reached skill level 15 in Conjurations
 10299 | D:7      | Offered knowledge of Stone Arrow by Vehumet.
 11273 | D:8      | Found a runed translucent gate.
 11273 | D:8      | Found a runed translucent gate.
 11273 | D:8      | Found a runed translucent gate.
 11275 | D:8      | Noticed fly's ghost (novice TrDe)
 11680 | D:8      | Found a glowing golden altar of the Shining One.
 11831 | D:8      | Reached **** piety under Vehumet
 12160 | D:9      | Found a staircase to the Lair.
 12232 | D:9      | Noticed Joseph
 12342 | D:9      | Offered knowledge of Static Discharge by Vehumet.
 12350 | D:9      | Reached skill level 16 in Conjurations
 12446 | D:9      | Found a hazy altar of Hepliaklqana.
 12699 | D:9      | Found an opulent altar of Gozag.
 12701 | D:9      | Found Gozag's Platinum Reserve.
 13031 | D:9      | Found a bloodstained altar of Trog.
 13161 | D:10     | Entered Level 10 of the Dungeon
 13546 | D:10     | Reached XP level 11. HP: 21/54 MP: 22/24
 13913 | D:10     | Noticed a two-headed ogre
 13934 | D:10     | Killed a two-headed ogre
 14284 | D:10     | Found a shattered altar of Ashenzari.
 14329 | D:10     | Reached skill level 17 in Conjurations
 14960 | D:10     | Found Qiwkaqon's Weapon Emporium.
 15259 | D:11     | Noticed a cyclops
 15490 | D:11     | Noticed Erolcha
 15918 | D:11     | Noticed Sonja
 15947 | D:11     | Found a basalt altar of Yredelemnul.
 16202 | Lair:1   | Entered Level 1 of the Lair of Beasts
 16552 | Lair:1   | Noticed an oklob plant
 16790 | Lair:1   | Reached ***** piety under Vehumet
 16798 | Lair:1   | Offered knowledge of Lightning Bolt by Vehumet.
 16805 | Lair:1   | Learned a level 5 spell: Lightning Bolt
 17076 | Lair:2   | Reached skill level 1 in Air Magic
 18386 | Lair:2   | Reached skill level 5 in Dodging
 18386 | Lair:2   | Reached skill level 5 in Air Magic
 18400 | Lair:2   | Reached XP level 12. HP: 59/59 MP: 13/26
 18850 | Lair:2   | Noticed Fannar
 18856 | Lair:2   | Killed Fannar
 19012 | Lair:2   | Noticed Nergalle
 19903 | Lair:3   | Noticed a four-headed hydra
 19910 | Lair:3   | Killed a four-headed hydra
 20548 | Lair:3   | Noticed a five-headed hydra
 20705 | Lair:2   | Killed Nergalle
 20705 | Lair:2   | Reached skill level 10 in Air Magic
 21133 | Lair:3   | Killed a five-headed hydra
 21406 | Lair:3   | Noticed an eight-headed hydra
 21436 | Lair:3   | Killed an eight-headed hydra
 21656 | Lair:3   | Reached XP level 13. HP: 63/63 MP: 19/27
 22080 | Lair:3   | Demolished by a swamp worm

Illustrated notes

Levels and vault maps discovered:
D:1:      dpeg_arrival_circle_labyrinth_c, layout_basic
D:2:      layout_loops_corners, lemuel_crystal_altar,
          chequers_ecumenical_altar_simple
D:3:      layout_loops_ring, nicolae_overflow_hidden_temple, minitemple,
          serial_glass, glass_columns_b, glass_columns_a, glass_columns_a,
          chequers_jeans, uniq_jessica
D:4:      gammafunk_steamed_eel, layout_cave_pools, kennysheep_mini_moat,
          uniq_blork_the_orc, uniq_natasha
D:5:      layout_basic, nemelex_xobeh_ov_fountains_minmay,
          minmay_temple_entry_proselytizer, kennysheep_generic_room_2,
          uniq_pikel
D:6:      layout_loops_ring, kiku_gazebo_garden_becter, serial_shops,
          nicolae_shop_temple_entry_statues_fountains, st_stairs_14,
          minivault_25, corexii_corridor_pit, nrook_mini_vaults,
          minmay_unpleasant_kobolds, uniq_grinder
D:7:      layout_gridville, grunt_temple_overflow_forces_of_nature
D:8:      layout_loops_ring, kennysheep_little_box, gammafunk_ghost_split,
          minivault_22, moated_statue
D:9:      layout_roguey, lemuel_coloured_pillars_altar, marbit_many_paths,
          nicolae_gozag_zags_fifth_avenue, lair_entry_dummy,
          kennysheep_generic_room_4, uniq_joseph
D:10:     layout_grid_maze, basic_altar, serial_shops, shop, minmay_hedge_maze,
          minmay_fractal_squares_diagonal_5
D:11:     layout_roguey, lemuel_hellish_altar, uniq_erolcha, uniq_sonja
Lair:1:   layout_hall_layers, special_room [special_room_bee],
          minmay_lair_oklob_bushes, beast_lair_carwin_2, lemuel_fruit_tree
Lair:2:   layout_gridlike, st_stairs_10, uniq_fannar, uniq_nergalle
Lair:3:   layout_roguey, nicolae_swamp_entry_splash_gauntlet

Skill      XL: |  1  2  3  4  5  6  7  8  9 10 11 12 13 |
---------------+----------------------------------------+-----
Conjurations   | 6 7 8 9 10 12 14 16 17 | 17.9
Spellcasting   | 3 5 6 8 9 |  9.3
Translocations | 3 |  3.0
Air Magic      | 5 10 11 | 11.1
Dodging        | 5 9 |  9.8
Stealth        | |  2.0

Action                   |  1- 3 |  4- 6 |  7- 9 | 10-12 | 13-15 || total
-------------------------+-------+-------+-------+-------+-------++-------
Melee: Unarmed           |     2 |       |       |       |       ||     2
       Dagger            |     1 |    12 |       |       |       ||    13
       Kick              |     1 |     7 |    10 |     7 |       ||    25
       Short sword       |       |    37 |    46 |    55 |       ||   138
       Peck              |       |     3 |     7 |     8 |       ||    18
 Cast: Magic Dart        |    45 |    65 |   121 |   114 |       ||   345
       Searing Ray       |     2 |     8 |    39 |   114 |     2 ||   165
       Iskenderun's Myst |       |       |       |    16 |       ||    16
       Lightning Bolt    |       |       |       |    73 |     7 ||    80
  Use: Potion            |       |       |     2 |     6 |       ||     8
       Scroll            |       |       |     1 |    26 |     1 ||    28
 Stab: Sleeping          |       |     3 |       |     3 |       ||     6
Armor: Robe              |     6 |    10 |    21 |    62 |     1 ||   100
       Skin              |       |       |       |     1 |       ||     1
Dodge: Dodged            |    10 |    40 |    52 |   181 |     1 ||   284

Table legend: (Time is in decaauts)
 A = Elapsed time spent in this place.
 B = Non-inter-level travel time spent in this place.
 C = Inter-level travel time spent in this place.
 D = Time resting spent in this place.
 E = Time spent auto-exploring this place.
 F = Levels seen in this place.
 G = Mean time per level.
                   A        B        C        D        E       F      G
               +--------+--------+--------+--------+--------+-----+--------+
         Total |  22083 |  19258 |   2825 |   9402 |   6264 |  14 | 1577.4 |
       Dungeon |  16225 |  13803 |   2422 |   6587 |   4888 |  11 | 1475.0 |
          Lair |   5858 |   5456 |    402 |   2815 |   1376 |   3 | 1952.7 |
               +--------+--------+--------+--------+--------+-----+--------+

Top non-repeatable levels by time:
    D:10: 2486 daAuts
  Lair:1: 2115 daAuts
     D:3: 2000 daAuts
  Lair:3: 1928 daAuts
     D:5: 1906 daAuts
  Lair:2: 1814 daAuts
     D:8: 1736 daAuts
     D:6: 1489 daAuts
     D:4: 1482 daAuts
     D:1: 1360 daAuts
     D:9: 1145 daAuts
     D:2: 1113 daAuts
     D:7: 1003 daAuts
    D:11: 499 daAuts
